Chicago Black Hawks vs Washington Capitals
Created - Tuesday, April 22, 2025 at 07:54
Goals
|
| Chicago Black Hawks |
0 |
1 |
3 |
4 |
| Washington Capitals |
0 |
1 |
1 |
2 |
|
Shots
|
| Chicago Black Hawks |
9 |
15 |
11 |
35 |
| Washington Capitals |
9 |
13 |
8 |
30 |
|
1st period
No Goal
Penalties :
Trevor Zegras (CHI) for High sticking (Minor) at 5:20
2nd period
1. Chicago Black Hawks , Joseph Veleno 17 (Barrett Hayton 21) at 2:04
2. Washington Capitals , Mikael Backlund 10 (Thomas Harley 18) at 4:54 (SH)
Penalties :
Jamie Oleksiak (WSH) for Cross-checking (Minor) at 3:20, Ian Cole (WSH) for Slashing (Minor) at 3:44, Trevor Zegras (CHI) for Cross-checking (Minor) at 12:55, Jamie Oleksiak (WSH) for Hooking (Minor) at 19:03
3rd period
3. Chicago Black Hawks , Joseph Veleno 18 (Bobby Brink 5, Simon Nemec 7) at 1:37
4. Washington Capitals , Fabian Zetterlund 7 (Nick Jensen 12, Ian Cole 7) at 2:56
5. Chicago Black Hawks , Claude Giroux 14 (Lucas Raymond 30, Simon Nemec 8) at 7:15
6. Chicago Black Hawks , Bobby Brink 7 (Barrett Hayton 22) at 12:44
Penalties :
Jason Robertson (WSH) for Interference (Minor) at 6:27, Cole Sillinger (CHI) for Cross-checking (Minor) at 6:41, David Jiricek (CHI) for Interference (Minor) at 9:46, Drake Batherson (WSH) for Interference (Minor) at 10:31
Goalie Stats
Alexandar Georgiev (CHI), 28 saves from 30 shots - (0.933), W, 13-11-1, 60:00 minutes
Sergei Bobrovsky (WSH), 31 saves from 35 shots - (0.886), L, 8-5-2, 60:00 minutes
Players Stats for Chicago Black Hawks
Player Name G A P +/- PIM S H SB GA TA FO MP PP MP PK MP
------------------------------------------------------------------------------------
Barrett Hayton 0 2 2 3 0 2 0 0 0 1 1/3 13:41 0:00 0:23
Bobby Brink 1 1 2 3 0 5 0 0 1 0 0/0 11:36 0:00 0:00
Caleb Jones 0 0 0 1 0 0 0 0 0 3 0/0 11:54 0:00 0:00
Claude Giroux 1 0 1 0 0 7 2 0 1 0 13/20 24:41 2:44 2:23
Cole Sillinger 0 0 0 -1 2 0 1 0 0 0 11/28 18:49 2:17 2:09
Colton Sissons 0 0 0 -1 0 0 3 0 0 0 3/4 19:33 2:42 2:23
David Jiricek 0 0 0 1 2 0 0 0 0 2 0/0 12:01 0:02 0:02
Jack Drury 0 0 0 0 0 0 0 1 0 0 1/5 6:14 0:00 0:00
Jakob Pelletier 0 0 0 0 0 0 0 0 0 0 0/0 4:17 0:19 0:02
Joseph Veleno 2 0 2 3 0 4 2 0 1 0 2/6 13:18 0:00 0:11
Justin Faulk 0 0 0 1 0 1 0 5 0 0 0/0 26:37 1:58 2:25
Leo Carlsson 0 0 0 -1 0 6 0 0 0 0 0/0 16:35 2:37 0:00
Lucas Raymond 0 1 1 0 0 6 3 0 1 0 0/2 20:18 2:44 2:23
Noah Cates 0 0 0 0 0 0 0 0 0 0 0/0 6:14 0:00 0:00
Simon Nemec 0 2 2 1 0 1 1 2 0 0 0/0 26:37 1:58 2:25
Trevor Zegras 0 0 0 -1 4 1 0 2 0 0 0/1 16:43 2:37 0:00
Urho Vaakanainen 0 0 0 0 0 1 0 0 0 0 0/0 21:29 3:23 2:32
Vincent Desharnais 0 0 0 0 0 1 1 2 0 1 0/0 21:23 3:23 2:30
Players Stats for Washington Capitals
Player Name G A P +/- PIM S H SB GA TA FO MP PP MP PK MP
------------------------------------------------------------------------------------
Alex Ovechkin 0 0 0 -1 0 1 4 0 1 0 0/1 17:37 2:18 0:01
Brad Marchand 0 0 0 0 0 5 2 0 0 0 1/2 14:59 1:47 0:00
Derek Forbort 0 0 0 -1 0 1 0 1 0 0 0/0 7:52 0:51 0:35
Drake Batherson 0 0 0 -1 2 5 0 0 1 0 0/0 15:12 1:46 0:00
Fabian Zetterlund 1 0 1 1 0 1 1 0 1 0 0/0 9:43 0:00 2:06
Ian Cole 0 1 1 0 2 1 1 0 0 1 0/0 18:18 0:51 2:18
Jamie Oleksiak 0 0 0 -2 4 0 3 1 0 0 0/0 23:46 1:22 0:52
Jason Robertson 0 0 0 -1 2 2 2 0 0 0 0/0 16:45 2:18 0:00
John Carlson 0 0 0 -1 0 1 3 0 0 1 0/0 20:17 2:44 0:08
Jordan Kyrou 0 0 0 -2 0 2 1 1 0 0 1/4 15:25 2:35 0:00
Michael McLeod 0 0 0 0 0 1 1 0 2 0 8/10 10:08 0:00 2:06
Mikael Backlund 1 0 1 1 0 3 2 1 0 0 13/20 16:29 0:00 3:14
Nick Foligno 0 0 0 -3 0 1 3 0 0 0 8/14 15:50 0:52 1:24
Nick Jensen 0 1 1 1 0 1 0 2 0 0 0/0 24:59 2:44 4:23
Nico Hischier 0 0 0 -1 0 1 0 0 2 0 7/17 17:37 2:18 0:01
Owen Tippett 0 0 0 -1 0 1 3 0 0 0 0/0 12:18 0:45 0:00
Thomas Harley 0 1 1 -1 0 3 1 2 0 2 0/0 24:38 1:22 2:40
Yegor Chinakhov 0 0 0 1 0 0 1 0 0 0 0/1 8:06 0:11 0:00
3 Stars
1 - Joseph Veleno (CHI)
2 - Bobby Brink (CHI)
3 - Barrett Hayton (CHI)
Power Play
Chicago Black Hawks - 0 on 6 Attempt(s) - 0.00%
Washington Capitals - 0 on 3 Attempt(s) - 0.00%
Penalty Kill
Chicago Black Hawks - 3 on 3 Attempt(s) - 100.00%
- Score 0 goal in Penalty Kill
Washington Capitals - 6 on 6 Attempt(s) - 100.00%
- Score 1 goal in Penalty Kill
Team Stat
Chicago Black Hawks - Hits : 13 - Faceoff Wins : 31 - Blocked Shots : 12 - Penalty Minutes : 8
Washington Capitals - Hits : 28 - Faceoff Wins : 38 - Blocked Shots : 8 - Penalty Minutes : 10
Official
Referees : Peter Macdougall and Corey Syvret
Linesman : Ryan Jackson and Steve Barton
Game Notes
Derek Forbort is injured at 4:19 of 2nd period (Groin)
2:56 of 3rd period - Washington Capitals goal is going for a video replay. After video review, Goal.
19:02 of 3rd period - Penalty Shot by Fabian Zetterlund for Washington Capitals - Stopped by Alexandar Georgiev
Finance
Level 1 -- Attendance: 5950 (99.17%) -- Ticket Income $565,250
Level 2 -- Attendance: 4940 (98.80%) -- Ticket Income $271,700
Level 3 -- Attendance: 3000 (100.00%) -- Ticket Income $99,000
Level 4 -- Attendance: 4814 (96.28%) -- Ticket Income $105,908
Luxury Box -- Attendance: 785 (78.50%) -- Ticket Income $153,075
Game was played at the Verizon Center.
Total Attendance: 19489 (97.45%)
Total Ticket Income: $1,194,933
Other Income: $418,227
Total Income: $1,613,160
Chicago Black Hawks
5 vs 5 Forward
Center Left Wing Right Wing Time % Phy DF OF
1 Claude Giroux Lucas Raymond Colton Sissons 30 1 2 2
2 Cole Sillinger Trevor Zegras Leo Carlsson 30 1 2 2
3 Joseph Veleno Barrett Hayton Bobby Brink 25 1 2 2
4 Jack Drury Noah Cates Claude Giroux 15 1 2 2
5 vs 5 Defense
Defense Defense Time % Phy DF OF
1 Justin Faulk Simon Nemec 30 1 2 2
2 Urho Vaakanainen Vincent Desharnais 30 1 2 2
3 Caleb Jones David Jiricek 25 1 2 2
4 Justin Faulk Simon Nemec 15 1 2 2
PowerPlay Forward
Center Left Wing Right Wing Time % Phy DF OF
1 Claude Giroux Lucas Raymond Colton Sissons 50 1 2 2
2 Cole Sillinger Trevor Zegras Leo Carlsson 50 1 2 2
PowerPlay Defense
Defense Defense Time % Phy DF OF
1 Justin Faulk Simon Nemec 50 1 2 2
2 Urho Vaakanainen Vincent Desharnais 50 1 2 2
Penalty Kill 4 Players Forward
Center Wing Time % Phy DF OF
1 Claude Giroux Lucas Raymond 50 1 2 2
2 Colton Sissons Cole Sillinger 50 1 2 2
Penalty Kill 4 Players Defense
Defense Defense Time % Phy DF OF
1 Justin Faulk Simon Nemec 50 1 2 2
2 Urho Vaakanainen Vincent Desharnais 50 1 2 2
Penalty Kill - 3 Players Forward
Forward Time % Phy DF OF
1 Claude Giroux 50 1 2 2
2 Lucas Raymond 50 1 2 2
Penalty Kill - 3 Players Defense
Defense Defense Time % Phy DF OF
1 Justin Faulk Simon Nemec 50 1 2 2
2 Urho Vaakanainen Vincent Desharnais 50 1 2 2
4 vs 4 Forward
Center Wing Time % Phy DF OF
1 Claude Giroux Lucas Raymond 50 1 2 2
2 Colton Sissons Cole Sillinger 50 1 2 2
4 vs 4 Defense
Defense Defense Time % Phy DF OF
1 Justin Faulk Simon Nemec 50 1 2 2
2 Urho Vaakanainen Vincent Desharnais 50 1 2 2
Last Minutes Offensive
Center Left Wing Right Wing Defense Defense
Claude Giroux Lucas Raymond Colton Sissons Justin Faulk Simon Nemec
Last Minutes Defensive
Center Left Wing Right Wing Defense Defense
Claude Giroux Lucas Raymond Colton Sissons Justin Faulk Simon Nemec
Goaltenders
Starting : Alexandar Georgiev
Backup : Adin Hill
Extra Forwards
Normal : Jakob Pelletier, Joseph Veleno, Barrett Hayton - PP : Jakob Pelletier, Joseph Veleno - PK : Barrett Hayton
Extra Defensemen
Normal : Caleb Jones, David Jiricek, Urho Vaakanainen - PP : Caleb Jones - PK : David Jiricek, Urho Vaakanainen
Penalty Shots
Claude Giroux, Lucas Raymond, Colton Sissons, Cole Sillinger, Trevor Zegras
Scratches
Brett Howden (Healthy), Jon Merrill (Healthy), Shane Wright (Healthy), Antonio Stranges (Healthy), Filip Gustavsson (Healthy)
Washington Capitals
5 vs 5 Forward
Center Left Wing Right Wing Time % Phy DF OF
1 Nico Hischier Alex Ovechkin Jason Robertson 30 1 2 2
2 Mikael Backlund Brad Marchand Drake Batherson 30 1 2 2
3 Nick Foligno Owen Tippett Jordan Kyrou 25 1 2 2
4 Michael McLeod Yegor Chinakhov Fabian Zetterlund 15 1 2 2
5 vs 5 Defense
Defense Defense Time % Phy DF OF
1 John Carlson Jamie Oleksiak 30 1 2 2
2 Thomas Harley Derek Forbort 30 1 2 2
3 Ian Cole Nick Jensen 25 1 2 2
4 Thomas Harley Jamie Oleksiak 15 1 2 2
PowerPlay Forward
Center Left Wing Right Wing Time % Phy DF OF
1 Nico Hischier Alex Ovechkin Jason Robertson 50 1 2 2
2 Jordan Kyrou Brad Marchand Drake Batherson 50 1 2 2
PowerPlay Defense
Defense Defense Time % Phy DF OF
1 John Carlson Nick Jensen 50 1 2 2
2 Thomas Harley Jamie Oleksiak 50 1 2 2
Penalty Kill 4 Players Forward
Center Wing Time % Phy DF OF
1 Mikael Backlund Fabian Zetterlund 50 1 2 2
2 Michael McLeod Nick Foligno 50 1 2 2
Penalty Kill 4 Players Defense
Defense Defense Time % Phy DF OF
1 Derek Forbort Jamie Oleksiak 50 1 2 2
2 Nick Jensen Ian Cole 50 1 2 2
Penalty Kill - 3 Players Forward
Forward Time % Phy DF OF
1 Mikael Backlund 50 1 2 2
2 Michael McLeod 50 1 2 2
Penalty Kill - 3 Players Defense
Defense Defense Time % Phy DF OF
1 Derek Forbort Jamie Oleksiak 50 1 2 2
2 Nick Jensen Ian Cole 50 1 2 2
4 vs 4 Forward
Center Wing Time % Phy DF OF
1 Nico Hischier Alex Ovechkin 50 1 2 2
2 Jordan Kyrou Jason Robertson 50 1 2 2
4 vs 4 Defense
Defense Defense Time % Phy DF OF
1 John Carlson Nick Jensen 50 1 2 2
2 Thomas Harley Jamie Oleksiak 50 1 2 2
Last Minutes Offensive
Center Left Wing Right Wing Defense Defense
Nico Hischier Alex Ovechkin Jason Robertson John Carlson Thomas Harley
Last Minutes Defensive
Center Left Wing Right Wing Defense Defense
Mikael Backlund Brad Marchand Nick Foligno Derek Forbort Jamie Oleksiak
Goaltenders
Starting : Sergei Bobrovsky
Backup : Jake Oettinger
Extra Forwards
Normal : Jordan Kyrou, Nick Foligno, Owen Tippett - PP : Drake Batherson, Owen Tippett - PK : Fabian Zetterlund
Extra Defensemen
Normal : Derek Forbort, Nick Jensen, Thomas Harley - PP : Derek Forbort - PK : Nick Jensen, Thomas Harley
Penalty Shots
Jason Robertson, Drake Batherson, Yegor Chinakhov, John Carlson, Jordan Kyrou
Scratches
Stefan Noesen (Healthy)
% Time on Ice - Chicago Black Hawks
Lines # - Real PCT - Wanted PCT - Time Play
Normal Forward
1 - 29% - 30% - 13:41
2 - 33% - 30% - 15:12
3 - 25% - 25% - 11:36
4 - 13% - 15% - 6:14
Normal Defense
1 - 31% - 30% - 14:33
2 - 30% - 30% - 14:12
3 - 25% - 25% - 11:54
4 - 13% - 15% - 6:04
PP Forward
1 - 51% - 50% - 2:44
2 - 49% - 50% - 2:37
PP Defense
1 - 37% - 50% - 1:58
2 - 63% - 50% - 3:23
PK Forward
1 - 49% - 50% - 2:25
2 - 51% - 50% - 2:32
PK Defense
1 - 49% - 50% - 2:25
2 - 51% - 50% - 2:32
PK3 Forward
1 - 0% - 50%
2 - 0% - 50%
PK3 Defense
1 - 0% - 50%
2 - 0% - 50%
44 Forward
1 - 54% - 50% - 1:36
2 - 46% - 50% - 1:23
44 Defense
1 - 54% - 50% - 1:37
2 - 46% - 50% - 1:22
Last Minute Offensive - 0:00
Last Minute Defensive - 0:00
Total
Forward - 60:00
Defense - 60:00
|
% Time on Ice - Washington Capitals
Lines # - Real PCT - Wanted PCT - Time Play
Normal Forward
1 - 30% - 30% - 14:13
2 - 29% - 30% - 13:44
3 - 24% - 25% - 11:16
4 - 16% - 15% - 7:30
Normal Defense
1 - 29% - 30% - 13:24
2 - 35% - 30% - 16:26
3 - 25% - 25% - 11:47
4 - 11% - 15% - 5:06
PP Forward
1 - 48% - 50% - 2:22
2 - 52% - 50% - 2:35
PP Defense
1 - 55% - 50% - 2:44
2 - 45% - 50% - 2:13
PK Forward
1 - 63% - 50% - 2:22
2 - 37% - 50% - 1:24
PK Defense
1 - 62% - 50% - 2:19
2 - 38% - 50% - 1:27
PK3 Forward
1 - 56% - 50% - 0:53
2 - 44% - 50% - 0:42
PK3 Defense
1 - 63% - 50% - 1:00
2 - 37% - 50% - 0:35
44 Forward
1 - 50% - 50% - 1:29
2 - 50% - 50% - 1:30
44 Defense
1 - 55% - 50% - 1:39
2 - 45% - 50% - 1:20
Last Minute Offensive - 0:00
Last Minute Defensive - 0:00
Total
Forward - 60:00
Defense - 60:00
|
Play-by-Play
1st period
0:01 of 1st period - Claude Giroux wins face-off versus Nico Hischier in neutral zone.
0:04 of 1st period - Snap shot by Lucas Raymond.
0:04 of 1st period - Stopped by Sergei Bobrovsky with a rebound.
0:36 of 1st period - Wrist shot by Trevor Zegras.
0:36 of 1st period - Stopped by Sergei Bobrovsky without a rebound.
0:37 of 1st period - Joseph Veleno wins face-off versus Nick Foligno in Washington Capitals zone.
0:42 of 1st period - Snap shot by Barrett Hayton.
0:42 of 1st period - Stopped by Sergei Bobrovsky with a rebound.
0:52 of 1st period - Urho Vaakanainen is hit by Owen Tippett and loses puck.
1:15 of 1st period - Snap shot by Claude Giroux.
1:15 of 1st period - Stopped by Sergei Bobrovsky without a rebound.
1:16 of 1st period - Mikael Backlund wins face-off versus Cole Sillinger in Washington Capitals zone.
1:56 of 1st period - Snap shot by Nico Hischier.
1:56 of 1st period - Shot Misses the Net.
2:38 of 1st period - Thomas Harley is hit by Claude Giroux and loses puck.
3:05 of 1st period - Snap shot by Cole Sillinger.
3:05 of 1st period - Shot Blocked by Thomas Harley.
3:15 of 1st period - Brad Marchand is hit by Lucas Raymond and loses puck.
3:49 of 1st period - Barrett Hayton is hit by Jamie Oleksiak and loses puck.
4:18 of 1st period - Snap shot by Brad Marchand.
4:18 of 1st period - Deflect By Mikael Backlund.
4:18 of 1st period - Stopped by Alexandar Georgiev with a rebound.
4:44 of 1st period - Snap shot by Brad Marchand.
4:44 of 1st period - Stopped by Alexandar Georgiev with a rebound.
4:54 of 1st period - Snap shot by Brad Marchand.
4:54 of 1st period - Shot Misses the Net.
5:00 of 1st period - Snap shot by Drake Batherson.
5:00 of 1st period - Stopped by Alexandar Georgiev without a rebound.
5:01 of 1st period - Claude Giroux wins face-off versus Nico Hischier in Chicago Black Hawks zone.
5:14 of 1st period - Snap shot by Alex Ovechkin.
5:14 of 1st period - Shot Blocked by Justin Faulk.
5:16 of 1st period - Snap shot by Jason Robertson.
5:16 of 1st period - Stopped by Alexandar Georgiev without a rebound.
5:17 of 1st period - Cole Sillinger wins face-off versus Nick Foligno in Chicago Black Hawks zone.
5:17 of 1st period - Cole Sillinger is hit by Nick Foligno.
5:20 of 1st period - Minor Penalty to Trevor Zegras for High sticking.
5:21 of 1st period - Claude Giroux wins face-off versus Nico Hischier in Chicago Black Hawks zone.
6:11 of 1st period - Colton Sissons is hit by Owen Tippett and loses puck.
7:20 of 1st period - Penalty to Trevor Zegras is over, Trevor Zegras is back on ice.
7:29 of 1st period - Snap shot by Bobby Brink.
7:29 of 1st period - Stopped by Sergei Bobrovsky without a rebound.
7:30 of 1st period - Michael McLeod wins face-off versus Joseph Veleno in Washington Capitals zone.
7:43 of 1st period - Slapshot by Joseph Veleno.
7:43 of 1st period - Shot Misses the Net.
8:33 of 1st period - Barrett Hayton is hit by Alex Ovechkin and loses puck.
8:42 of 1st period - Snap shot by Alex Ovechkin.
8:42 of 1st period - Shot Misses the Net.
9:54 of 1st period - Joseph Veleno is hit by Thomas Harley.
10:12 of 1st period - Drake Batherson is hit by Colton Sissons and loses puck.
10:37 of 1st period - Slapshot by Owen Tippett.
10:37 of 1st period - Shot Hit the Post.
11:47 of 1st period - Snap shot by Jason Robertson.
11:47 of 1st period - Shot Misses the Net.
12:01 of 1st period - Slapshot by Owen Tippett.
12:01 of 1st period - Stopped by Alexandar Georgiev with a rebound.
12:03 of 1st period - Snap shot by Jordan Kyrou.
12:03 of 1st period - Deflect By Trevor Zegras.
12:03 of 1st period - Shot Blocked by Trevor Zegras.
12:03 of 1st period - Puck is out of play.
12:04 of 1st period - Claude Giroux wins face-off versus Nick Foligno in Chicago Black Hawks zone.
12:19 of 1st period - Slapshot by Claude Giroux.
12:19 of 1st period - Stopped by Sergei Bobrovsky with a rebound.
12:59 of 1st period - Wrist shot by Claude Giroux.
12:59 of 1st period - Stopped by Sergei Bobrovsky without a rebound.
13:00 of 1st period - Jack Drury wins face-off versus Mikael Backlund in Washington Capitals zone.
13:17 of 1st period - Claude Giroux is hit by Brad Marchand and loses puck.
13:26 of 1st period - Drake Batherson is hit by Claude Giroux and loses puck.
13:37 of 1st period - Wrist shot by Drake Batherson.
13:37 of 1st period - Stopped by Alexandar Georgiev without a rebound.
13:38 of 1st period - Nico Hischier wins face-off versus Cole Sillinger in Chicago Black Hawks zone.
13:53 of 1st period - Off-side.
13:54 of 1st period - Nick Foligno wins face-off versus Cole Sillinger in neutral zone.
14:07 of 1st period - Snap shot by Owen Tippett.
14:07 of 1st period - Shot Blocked by Trevor Zegras.
14:09 of 1st period - Slapshot by Derek Forbort.
14:09 of 1st period - Stopped by Alexandar Georgiev without a rebound.
14:10 of 1st period - Colton Sissons wins face-off versus Nico Hischier in Chicago Black Hawks zone.
14:23 of 1st period - Snap shot by Claude Giroux.
14:23 of 1st period - Stopped by Sergei Bobrovsky with a rebound.
14:25 of 1st period - Slapshot by Justin Faulk.
14:25 of 1st period - Stopped by Sergei Bobrovsky with a rebound.
14:27 of 1st period - Slapshot by Claude Giroux.
14:27 of 1st period - Deflect By Lucas Raymond.
14:27 of 1st period - Shot Misses the Net.
14:27 of 1st period - Puck is out of play.
14:28 of 1st period - Nick Foligno wins face-off versus Cole Sillinger in Washington Capitals zone.
14:35 of 1st period - Wrist shot by Jordan Kyrou.
14:35 of 1st period - Shot Misses the Net.
14:37 of 1st period - Snap shot by Nick Foligno.
14:37 of 1st period - Shot Misses the Net.
14:39 of 1st period - Slapshot by Jamie Oleksiak.
14:39 of 1st period - Shot Blocked by Justin Faulk.
14:41 of 1st period - Slapshot by Jordan Kyrou.
14:41 of 1st period - Shot Misses the Net.
15:21 of 1st period - Icing by Simon Nemec.
15:22 of 1st period - Nico Hischier wins face-off versus Lucas Raymond in Chicago Black Hawks zone.
15:46 of 1st period - Simon Nemec is hit by Jason Robertson and loses puck.
16:56 of 1st period - Ian Cole is hit by Colton Sissons and loses puck.
18:48 of 1st period - Wrist shot by Jason Robertson.
18:48 of 1st period - Stopped by Alexandar Georgiev without a rebound.
18:49 of 1st period - Nick Foligno wins face-off versus Cole Sillinger in Chicago Black Hawks zone.
18:50 of 1st period - Snap shot by Jordan Kyrou.
18:50 of 1st period - Stopped by Alexandar Georgiev with a rebound.
19:50 of 1st period - John Carlson is hit by Joseph Veleno and loses puck.
Goals for this period are 0 for Chicago Black Hawks vs 0 for Washington Capitals.
Shots for this period are 9 for Chicago Black Hawks vs 9 for Washington Capitals.
2nd period
0:01 of 2nd period - Cole Sillinger wins face-off versus Nick Foligno in neutral zone.
1:08 of 2nd period - Snap shot by Joseph Veleno.
1:08 of 2nd period - Stopped by Sergei Bobrovsky with a rebound.
1:10 of 2nd period - Wrist shot by Leo Carlsson.
1:10 of 2nd period - Stopped by Sergei Bobrovsky without a rebound.
1:11 of 2nd period - Cole Sillinger wins face-off versus Nico Hischier in Washington Capitals zone.
1:16 of 2nd period - Wrist shot by Cole Sillinger.
1:16 of 2nd period - Deflect By Alex Ovechkin.
1:16 of 2nd period - Shot Misses the Net.
1:16 of 2nd period - Puck is out of play.
1:17 of 2nd period - Nick Foligno wins face-off versus Cole Sillinger in Washington Capitals zone.
1:28 of 2nd period - Slapshot by Jordan Kyrou.
1:28 of 2nd period - Stopped by Alexandar Georgiev without a rebound.
1:29 of 2nd period - Nick Foligno wins face-off versus Cole Sillinger in Chicago Black Hawks zone.
1:38 of 2nd period - Slapshot by Nick Foligno.
1:38 of 2nd period - Stopped by Alexandar Georgiev with a rebound.
1:46 of 2nd period - Slapshot by Jordan Kyrou.
1:46 of 2nd period - Shot Misses the Net.
2:04 of 2nd period - Wrist shot by Joseph Veleno.
2:04 of 2nd period - Goal by Joseph Veleno - Chicago Black Hawks : 1 - Washington Capitals : 0.
2:05 of 2nd period - Mikael Backlund wins face-off versus Cole Sillinger in neutral zone.
2:16 of 2nd period - Wrist shot by Brad Marchand.
2:16 of 2nd period - Deflect By Trevor Zegras.
2:16 of 2nd period - Shot Blocked by Justin Faulk.
2:16 of 2nd period - Puck is out of play.
2:17 of 2nd period - Cole Sillinger wins face-off versus Mikael Backlund in Chicago Black Hawks zone.
2:30 of 2nd period - Snap shot by Brad Marchand.
2:30 of 2nd period - Stopped by Alexandar Georgiev with a rebound.
2:32 of 2nd period - Slapshot by Thomas Harley.
2:32 of 2nd period - Shot Misses the Net.
2:34 of 2nd period - Slapshot by Derek Forbort.
2:34 of 2nd period - Shot Misses the Net.
2:44 of 2nd period - Owen Tippett is hit by Lucas Raymond and loses puck.
3:11 of 2nd period - Slapshot by Bobby Brink.
3:11 of 2nd period - Stopped by Sergei Bobrovsky without a rebound.
3:12 of 2nd period - Cole Sillinger wins face-off versus Brad Marchand in Washington Capitals zone.
3:13 of 2nd period - Snap shot by Trevor Zegras.
3:13 of 2nd period - Shot Misses the Net.
3:20 of 2nd period - Minor Penalty to Jamie Oleksiak for Cross-checking.
3:21 of 2nd period - Mikael Backlund wins face-off versus Lucas Raymond in Washington Capitals zone.
3:44 of 2nd period - Minor Penalty to Ian Cole for Slashing.
3:45 of 2nd period - Cole Sillinger wins face-off versus Mikael Backlund in Washington Capitals zone.
3:58 of 2nd period - Wrist shot by Leo Carlsson.
3:58 of 2nd period - Stopped by Sergei Bobrovsky with a rebound.
4:00 of 2nd period - Snap shot by Cole Sillinger.
4:00 of 2nd period - Shot Misses the Net.
4:10 of 2nd period - Derek Forbort is hit by Lucas Raymond and loses puck.
4:19 of 2nd period - Slapshot by Lucas Raymond.
4:19 of 2nd period - Shot Blocked by Derek Forbort.
4:19 of 2nd period - Derek Forbort from Washington Capitals is injured at 4:19 of 2nd period (Groin).
4:20 of 2nd period - Michael McLeod wins face-off versus Trevor Zegras in Washington Capitals zone.
4:52 of 2nd period - Wrist shot by Thomas Harley.
4:52 of 2nd period - Shot Misses the Net.
4:54 of 2nd period - Snap shot by Mikael Backlund.
4:54 of 2nd period - Goal by Mikael Backlund - Chicago Black Hawks : 1 - Washington Capitals : 1.
4:55 of 2nd period - Michael McLeod wins face-off versus Cole Sillinger in neutral zone.
5:20 of 2nd period - Penalty to Jamie Oleksiak is over, Jamie Oleksiak is back on ice.
5:44 of 2nd period - Penalty to Ian Cole is over, Ian Cole is back on ice.
6:17 of 2nd period - Off-side.
6:18 of 2nd period - Michael McLeod wins face-off versus Jack Drury in neutral zone.
6:53 of 2nd period - Snap shot by Brad Marchand.
6:53 of 2nd period - Deflect By Drake Batherson.
6:53 of 2nd period - Stopped by Alexandar Georgiev without a rebound.
6:54 of 2nd period - Mikael Backlund wins face-off versus Claude Giroux in Chicago Black Hawks zone.
7:27 of 2nd period - Wrist shot by Leo Carlsson.
7:27 of 2nd period - Stopped by Sergei Bobrovsky without a rebound.
7:28 of 2nd period - Cole Sillinger wins face-off versus Nick Foligno in Washington Capitals zone.
7:37 of 2nd period - Snap shot by Trevor Zegras.
7:37 of 2nd period - Deflect By Leo Carlsson.
7:37 of 2nd period - Stopped by Sergei Bobrovsky without a rebound.
7:38 of 2nd period - Mikael Backlund wins face-off versus Cole Sillinger in Washington Capitals zone.
7:49 of 2nd period - Snap shot by Mikael Backlund.
7:49 of 2nd period - Shot Blocked by Simon Nemec.
8:03 of 2nd period - Snap shot by Leo Carlsson.
8:03 of 2nd period - Stopped by Sergei Bobrovsky without a rebound.
8:04 of 2nd period - Claude Giroux wins face-off versus Nico Hischier in Washington Capitals zone.
8:24 of 2nd period - Jason Robertson is hit by Colton Sissons and loses puck.
9:05 of 2nd period - Snap shot by Nico Hischier.
9:05 of 2nd period - Stopped by Alexandar Georgiev without a rebound.
9:06 of 2nd period - Mikael Backlund wins face-off versus Cole Sillinger in Chicago Black Hawks zone.
9:09 of 2nd period - Snap shot by Drake Batherson.
9:09 of 2nd period - Stopped by Alexandar Georgiev without a rebound.
9:10 of 2nd period - Mikael Backlund wins face-off versus Cole Sillinger in Chicago Black Hawks zone.
9:13 of 2nd period - Wrist shot by Brad Marchand.
9:13 of 2nd period - Stopped by Alexandar Georgiev without a rebound.
9:14 of 2nd period - Cole Sillinger wins face-off versus Mikael Backlund in Chicago Black Hawks zone.
9:23 of 2nd period - Wrist shot by Brad Marchand.
9:23 of 2nd period - Stopped by Alexandar Georgiev with a rebound.
9:25 of 2nd period - Slapshot by John Carlson.
9:25 of 2nd period - Stopped by Alexandar Georgiev with a rebound.
9:27 of 2nd period - Wrist shot by Mikael Backlund.
9:27 of 2nd period - Stopped by Alexandar Georgiev with a rebound.
9:57 of 2nd period - Slapshot by Drake Batherson.
9:57 of 2nd period - Shot Blocked by Vincent Desharnais.
9:59 of 2nd period - Slapshot by Drake Batherson.
9:59 of 2nd period - Shot Blocked by Vincent Desharnais.
10:01 of 2nd period - Wrist shot by Mikael Backlund.
10:01 of 2nd period - Deflect By Trevor Zegras.
10:01 of 2nd period - Shot Hit the Post.
10:01 of 2nd period - Puck is out of play.
10:02 of 2nd period - Nick Foligno wins face-off versus Jack Drury in Chicago Black Hawks zone.
10:27 of 2nd period - Bobby Brink is hit by Alex Ovechkin and loses puck.
10:34 of 2nd period - Snap shot by Joseph Veleno.
10:34 of 2nd period - Deflect By Bobby Brink.
10:34 of 2nd period - Shot Blocked by Nick Jensen.
10:34 of 2nd period - Puck is out of play.
10:35 of 2nd period - Claude Giroux wins face-off versus Yegor Chinakhov in Washington Capitals zone.
10:50 of 2nd period - Slapshot by Claude Giroux.
10:50 of 2nd period - Shot Misses the Net.
10:52 of 2nd period - Slapshot by Justin Faulk.
10:52 of 2nd period - Deflect By Claude Giroux.
10:52 of 2nd period - Shot Blocked by Jamie Oleksiak.
10:52 of 2nd period - Puck is out of play.
10:53 of 2nd period - Nick Foligno wins face-off versus Joseph Veleno in Washington Capitals zone.
11:10 of 2nd period - Icing by Bobby Brink.
11:11 of 2nd period - Mikael Backlund wins face-off versus Joseph Veleno in Chicago Black Hawks zone.
11:38 of 2nd period - Joseph Veleno is hit by Nick Foligno and loses puck.
11:51 of 2nd period - Snap shot by Joseph Veleno.
11:51 of 2nd period - Stopped by Sergei Bobrovsky with a rebound.
11:57 of 2nd period - Snap shot by Bobby Brink.
11:57 of 2nd period - Stopped by Sergei Bobrovsky without a rebound.
11:58 of 2nd period - Claude Giroux wins face-off versus Mikael Backlund in Washington Capitals zone.
12:01 of 2nd period - Slapshot by Lucas Raymond.
12:01 of 2nd period - Stopped by Sergei Bobrovsky with a rebound.
12:11 of 2nd period - Slapshot by Lucas Raymond.
12:11 of 2nd period - Stopped by Sergei Bobrovsky without a rebound.
12:12 of 2nd period - Nico Hischier wins face-off versus Jack Drury in Washington Capitals zone.
12:37 of 2nd period - Jamie Oleksiak is hit by Cole Sillinger.
12:55 of 2nd period - Minor Penalty to Trevor Zegras for Cross-checking.
12:56 of 2nd period - Cole Sillinger wins face-off versus Jordan Kyrou in Chicago Black Hawks zone.
14:09 of 2nd period - Lucas Raymond is hit by Jason Robertson and loses puck.
14:55 of 2nd period - Penalty to Trevor Zegras is over, Trevor Zegras is back on ice.
15:07 of 2nd period - David Jiricek is hit by Owen Tippett and loses puck.
15:22 of 2nd period - Bobby Brink is hit by Michael McLeod and loses puck.
15:53 of 2nd period - Justin Faulk is hit by Brad Marchand and loses puck.
16:11 of 2nd period - Slapshot by Jack Drury.
16:11 of 2nd period - Shot Misses the Net.
16:54 of 2nd period - Wrist shot by Owen Tippett.
16:54 of 2nd period - Shot Misses the Net.
17:09 of 2nd period - Icing by Noah Cates.
17:10 of 2nd period - Nico Hischier wins face-off versus Jack Drury in Chicago Black Hawks zone.
17:13 of 2nd period - Snap shot by Alex Ovechkin.
17:13 of 2nd period - Stopped by Alexandar Georgiev with a rebound.
17:17 of 2nd period - Snap shot by Nico Hischier.
17:17 of 2nd period - Shot Misses the Net.
17:19 of 2nd period - Slapshot by Nick Jensen.
17:19 of 2nd period - Stopped by Alexandar Georgiev with a rebound.
17:23 of 2nd period - Snap shot by Alex Ovechkin.
17:23 of 2nd period - Shot Blocked by Jack Drury.
17:37 of 2nd period - Lucas Raymond is hit by Ian Cole and loses puck.
18:00 of 2nd period - Slapshot by Simon Nemec.
18:00 of 2nd period - Shot Misses the Net.
18:02 of 2nd period - Snap shot by Bobby Brink.
18:02 of 2nd period - Shot Misses the Net.
18:04 of 2nd period - Snap shot by Justin Faulk.
18:04 of 2nd period - Shot Misses the Net.
18:06 of 2nd period - Wrist shot by Bobby Brink.
18:06 of 2nd period - Shot Misses the Net.
18:08 of 2nd period - Snap shot by Barrett Hayton.
18:08 of 2nd period - Shot Misses the Net.
18:10 of 2nd period - Snap shot by Vincent Desharnais.
18:10 of 2nd period - Stopped by Sergei Bobrovsky without a rebound.
18:11 of 2nd period - Claude Giroux wins face-off versus Nico Hischier in Washington Capitals zone.
18:18 of 2nd period - Wrist shot by Lucas Raymond.
18:18 of 2nd period - Stopped by Sergei Bobrovsky without a rebound.
18:19 of 2nd period - Nico Hischier wins face-off versus Claude Giroux in Washington Capitals zone.
19:03 of 2nd period - Minor Penalty to Jamie Oleksiak for Hooking.
19:04 of 2nd period - Cole Sillinger wins face-off versus Mikael Backlund in Washington Capitals zone.
19:30 of 2nd period - Snap shot by Lucas Raymond.
19:30 of 2nd period - Stopped by Sergei Bobrovsky with a rebound.
Goals for this period are 1 for Chicago Black Hawks vs 1 for Washington Capitals.
Shots for this period are 15 for Chicago Black Hawks vs 13 for Washington Capitals.
3rd period
0:01 of 3rd period - Claude Giroux wins face-off versus Michael McLeod in neutral zone.
0:06 of 3rd period - Wrist shot by Lucas Raymond.
0:06 of 3rd period - Stopped by Sergei Bobrovsky without a rebound.
0:07 of 3rd period - Michael McLeod wins face-off versus Claude Giroux in Washington Capitals zone.
0:55 of 3rd period - Slapshot by Claude Giroux.
0:55 of 3rd period - Shot Hit the Post.
0:57 of 3rd period - Slapshot by Urho Vaakanainen.
0:57 of 3rd period - Shot Blocked by Mikael Backlund.
0:59 of 3rd period - Wrist shot by Colton Sissons.
0:59 of 3rd period - Shot Misses the Net.
1:01 of 3rd period - Slapshot by Urho Vaakanainen.
1:01 of 3rd period - Deflect By Colton Sissons.
1:01 of 3rd period - Shot Blocked by Nick Jensen.
1:01 of 3rd period - Puck is out of play.
1:02 of 3rd period - Michael McLeod wins face-off versus Cole Sillinger in Washington Capitals zone.
1:02 of 3rd period - Michael McLeod is hit by Simon Nemec.
1:03 of 3rd period - Penalty to Jamie Oleksiak is over, Jamie Oleksiak is back on ice.
1:20 of 3rd period - Wrist shot by Michael McLeod.
1:20 of 3rd period - Stopped by Alexandar Georgiev without a rebound.
1:21 of 3rd period - Joseph Veleno wins face-off versus Alex Ovechkin in Chicago Black Hawks zone.
1:21 of 3rd period - Joseph Veleno is hit by John Carlson.
1:30 of 3rd period - Simon Nemec is hit by Jamie Oleksiak and loses puck.
1:33 of 3rd period - Wrist shot by Bobby Brink.
1:33 of 3rd period - Stopped by Sergei Bobrovsky with a rebound.
1:35 of 3rd period - Snap shot by Bobby Brink.
1:35 of 3rd period - Shot Misses the Net.
1:37 of 3rd period - Wrist shot by Joseph Veleno.
1:37 of 3rd period - Goal by Joseph Veleno - Chicago Black Hawks : 2 - Washington Capitals : 1.
1:38 of 3rd period - Mikael Backlund wins face-off versus Cole Sillinger in neutral zone.
1:41 of 3rd period - Slapshot by Thomas Harley.
1:41 of 3rd period - Stopped by Alexandar Georgiev with a rebound.
1:49 of 3rd period - Wrist shot by Leo Carlsson.
1:49 of 3rd period - Stopped by Sergei Bobrovsky with a rebound.
1:51 of 3rd period - Snap shot by Cole Sillinger.
1:51 of 3rd period - Shot Misses the Net.
2:03 of 3rd period - Urho Vaakanainen is hit by Jordan Kyrou and loses puck.
2:36 of 3rd period - Wrist shot by Barrett Hayton.
2:36 of 3rd period - Stopped by Sergei Bobrovsky with a rebound.
2:48 of 3rd period - Wrist shot by Michael McLeod.
2:48 of 3rd period - Shot Misses the Net.
2:50 of 3rd period - Snap shot by Ian Cole.
2:50 of 3rd period - Stopped by Alexandar Georgiev with a rebound.
2:52 of 3rd period - Backhand shot by Ian Cole.
2:52 of 3rd period - Shot Misses the Net.
2:54 of 3rd period - Slapshot by Nick Jensen.
2:54 of 3rd period - Shot Blocked by Simon Nemec.
2:56 of 3rd period - Wrist shot by Fabian Zetterlund.
2:56 of 3rd period - Washington Capitals goal is going for a video replay.
2:56 of 3rd period - The goal is good.
2:56 of 3rd period - Goal by Fabian Zetterlund - Chicago Black Hawks : 2 - Washington Capitals : 2.
2:57 of 3rd period - Mikael Backlund wins face-off versus Cole Sillinger in neutral zone.
3:02 of 3rd period - Snap shot by Brad Marchand.
3:02 of 3rd period - Shot Misses the Net.
3:04 of 3rd period - Wrist shot by Drake Batherson.
3:04 of 3rd period - Stopped by Alexandar Georgiev with a rebound.
3:06 of 3rd period - Slapshot by Jamie Oleksiak.
3:06 of 3rd period - Shot Blocked by Justin Faulk.
3:08 of 3rd period - Wrist shot by Mikael Backlund.
3:08 of 3rd period - Deflect By Brad Marchand.
3:08 of 3rd period - Shot Blocked by Justin Faulk.
3:08 of 3rd period - Puck is out of play.
3:09 of 3rd period - Brad Marchand wins face-off versus Claude Giroux in Chicago Black Hawks zone.
3:51 of 3rd period - Urho Vaakanainen is hit by Nick Foligno and loses puck.
4:05 of 3rd period - Off-side.
4:06 of 3rd period - Nico Hischier wins face-off versus Barrett Hayton in neutral zone.
4:21 of 3rd period - Wrist shot by Nico Hischier.
4:21 of 3rd period - Shot Misses the Net.
4:40 of 3rd period - Slapshot by Thomas Harley.
4:40 of 3rd period - Stopped by Alexandar Georgiev without a rebound.
4:41 of 3rd period - Claude Giroux wins face-off versus Mikael Backlund in Chicago Black Hawks zone.
4:56 of 3rd period - Snap shot by Brad Marchand.
4:56 of 3rd period - Stopped by Alexandar Georgiev without a rebound.
4:57 of 3rd period - Cole Sillinger wins face-off versus Nick Foligno in Chicago Black Hawks zone.
5:10 of 3rd period - Backhand shot by Leo Carlsson.
5:10 of 3rd period - Deflect By Trevor Zegras.
5:10 of 3rd period - Shot Blocked by Thomas Harley.
5:10 of 3rd period - Puck is out of play.
5:11 of 3rd period - Mikael Backlund wins face-off versus Claude Giroux in Washington Capitals zone.
6:27 of 3rd period - Minor Penalty to Jason Robertson for Interference.
6:28 of 3rd period - Michael McLeod wins face-off versus Cole Sillinger in Washington Capitals zone.
6:36 of 3rd period - Off-side.
6:37 of 3rd period - Mikael Backlund wins face-off versus Cole Sillinger in neutral zone.
6:41 of 3rd period - Minor Penalty to Cole Sillinger for Cross-checking.
6:42 of 3rd period - Nico Hischier wins face-off versus Claude Giroux in Chicago Black Hawks zone.
7:01 of 3rd period - Icing by Simon Nemec.
7:02 of 3rd period - Claude Giroux wins face-off versus Jordan Kyrou in Chicago Black Hawks zone.
7:15 of 3rd period - Wrist shot by Claude Giroux.
7:15 of 3rd period - Deflect By Thomas Harley.
7:15 of 3rd period - Goal by Claude Giroux - Chicago Black Hawks : 3 - Washington Capitals : 2.
7:16 of 3rd period - Jordan Kyrou wins face-off versus Colton Sissons in neutral zone.
7:21 of 3rd period - Slapshot by Thomas Harley.
7:21 of 3rd period - Stopped by Alexandar Georgiev with a rebound.
7:28 of 3rd period - Off-side.
7:29 of 3rd period - Colton Sissons wins face-off versus Nico Hischier in neutral zone.
7:36 of 3rd period - Slapshot by Urho Vaakanainen.
7:36 of 3rd period - Deflect By John Carlson.
7:36 of 3rd period - Stopped by Sergei Bobrovsky with a rebound.
8:05 of 3rd period - Slapshot by Claude Giroux.
8:05 of 3rd period - Shot Misses the Net.
8:27 of 3rd period - Penalty to Jason Robertson is over, Jason Robertson is back on ice.
8:41 of 3rd period - Penalty to Cole Sillinger is over, Cole Sillinger is back on ice.
8:58 of 3rd period - Justin Faulk is hit by Fabian Zetterlund and loses puck.
9:10 of 3rd period - Icing by Justin Faulk.
9:11 of 3rd period - Mikael Backlund wins face-off versus Joseph Veleno in Chicago Black Hawks zone.
9:14 of 3rd period - Wrist shot by Brad Marchand.
9:14 of 3rd period - Shot Misses the Net.
9:46 of 3rd period - Minor Penalty to David Jiricek for Interference.
9:47 of 3rd period - Claude Giroux wins face-off versus Nico Hischier in Chicago Black Hawks zone.
9:47 of 3rd period - Claude Giroux is hit by Alex Ovechkin.
10:21 of 3rd period - Wrist shot by Claude Giroux.
10:21 of 3rd period - Stopped by Sergei Bobrovsky with a rebound.
10:23 of 3rd period - Backhand shot by Simon Nemec.
10:23 of 3rd period - Stopped by Sergei Bobrovsky with a rebound.
10:31 of 3rd period - Minor Penalty to Drake Batherson for Interference.
10:32 of 3rd period - Colton Sissons wins face-off versus Jordan Kyrou in Washington Capitals zone.
10:58 of 3rd period - Justin Faulk is hit by Alex Ovechkin and loses puck.
11:19 of 3rd period - Lucas Raymond is hit by John Carlson.
11:31 of 3rd period - Snap shot by Claude Giroux.
11:31 of 3rd period - Stopped by Sergei Bobrovsky with a rebound.
11:46 of 3rd period - Penalty to David Jiricek is over, David Jiricek is back on ice.
12:31 of 3rd period - Penalty to Drake Batherson is over, Drake Batherson is back on ice.
12:44 of 3rd period - Snap shot by Bobby Brink.
12:44 of 3rd period - Goal by Bobby Brink - Chicago Black Hawks : 4 - Washington Capitals : 2.
12:45 of 3rd period - Claude Giroux wins face-off versus Nico Hischier in neutral zone.
12:56 of 3rd period - Wrist shot by Claude Giroux.
12:56 of 3rd period - Shot Misses the Net.
12:58 of 3rd period - Wrist shot by Colton Sissons.
12:58 of 3rd period - Shot Misses the Net.
13:00 of 3rd period - Slapshot by Justin Faulk.
13:00 of 3rd period - Shot Misses the Net.
13:02 of 3rd period - Slapshot by Claude Giroux.
13:02 of 3rd period - Shot Misses the Net.
14:17 of 3rd period - Cole Sillinger is hit by John Carlson.
14:21 of 3rd period - Trevor Zegras is hit by Jamie Oleksiak and loses puck.
14:36 of 3rd period - Wrist shot by Trevor Zegras.
14:36 of 3rd period - Shot Misses the Net.
14:42 of 3rd period - Joseph Veleno is hit by Mikael Backlund and loses puck.
15:04 of 3rd period - Ian Cole is hit by Vincent Desharnais and loses puck.
15:52 of 3rd period - Vincent Desharnais is hit by Mikael Backlund and loses puck.
16:11 of 3rd period - Snap shot by Joseph Veleno.
16:11 of 3rd period - Shot Blocked by Jordan Kyrou.
16:35 of 3rd period - Slapshot by Fabian Zetterlund.
16:35 of 3rd period - Shot Misses the Net.
17:01 of 3rd period - Snap shot by Nico Hischier.
17:01 of 3rd period - Shot Misses the Net.
17:09 of 3rd period - John Carlson is hit by Joseph Veleno and loses puck.
18:25 of 3rd period - Icing by Barrett Hayton.
18:26 of 3rd period - Barrett Hayton wins face-off versus Michael McLeod in Chicago Black Hawks zone.
18:26 of 3rd period - Barrett Hayton is hit by Yegor Chinakhov.
18:39 of 3rd period - Icing by Urho Vaakanainen.
18:40 of 3rd period - Michael McLeod wins face-off versus Barrett Hayton in Chicago Black Hawks zone.
18:41 of 3rd period - Backhand shot by Fabian Zetterlund.
18:41 of 3rd period - Shot Misses the Net.
18:49 of 3rd period - Snap shot by Urho Vaakanainen.
18:49 of 3rd period - Shot Misses the Net.
19:02 of 3rd period - Penalty Shot by Fabian Zetterlund for Washington Capitals.
19:02 of 3rd period - Wrist shot by Fabian Zetterlund.
19:02 of 3rd period - Stopped by Alexandar Georgiev.
19:03 of 3rd period - Nick Foligno wins face-off versus Claude Giroux in Washington Capitals zone.
Goals for this period are 3 for Chicago Black Hawks vs 1 for Washington Capitals.
Shots for this period are 11 for Chicago Black Hawks vs 8 for Washington Capitals.
Back to the Top